 Dungeon Crawl Stone Soup version 0.32-a0-17-gb74e046682 (webtiles) character file.

Game seed: 6010278136121956935

1404 zenocrate the Sneak (level 8, -3/36 HPs)
             Began as a Vine Stalker Enchanter on Jan 16, 2024.
             Was an Initiate of Gozag.
             Slain by Maggie
             ... wielding a +0 halberd of venom
              (7 damage)
             ... on level 6 of the Dungeon.
             The game lasted 00:10:48 (5723 turns).

zenocrate the Sneak (Vine Stalker Enchanter)        Turns: 5723, Time: 00:10:49

Health: -3/36      AC:  6    Str: 11    XL:     8   Next: 69%
Magic:  0/13       EV: 14    Int: 15    God:    Gozag
Gold:   283        SH:  0    Dex: 17    Spells: 2/13 levels left

rFire   + . .        b - +1 dagger (holy)
rCold   x . .        (no shield)
rNeg    . . .        y - +0 robe
rPois   .            D - +1 hat
rElec   .            (no cloak)
rCorr   .            j - +2 pair of gloves
SInv    .            (no boots)
Will    ++...        E - amulet of magic regeneration
Stlth   ++++         m - ring of willpower
HPRegen 1.06/turn    i - ring of fire
MPRegen 0.53/turn

%: guardian spirit
@: mesmerised
A: fangs 3, regeneration 1, magic shield, antimagic bite, no potion heal 2
a: Renounce Religion, Potion Petition, Call Merchant, Bribe Branch


You were on level 6 of the Dungeon.
You worshipped Gozag.
Gozag was aware of your devotion.
You visited 2 branches of the dungeon, and saw 7 of its levels.

You collected 328 gold pieces.
You paid 45 gold pieces to Gozag.

Inventory:

Hand Weapons
 a - a +1 dagger
 b - a +1 dagger of holy wrath (weapon)
Missiles
 k - 6 boomerangs
 o - 9 poisoned darts (quivered)
 s - 3 atropa-tipped darts
 w - 4 curare-tipped darts
Armour
 e - a +0 kite shield
 j - a +2 pair of gloves (worn)
 y - a +0 robe (worn)
 D - a +1 hat (worn)
Jewellery
 i - a ring of fire (right hand)
 m - a ring of willpower (left hand)
 A - the amulet of Eweocicw {Faith Rampage rN+ Dex-4}
   (You found it on level 5 of the Dungeon)

   [amulet of faith]

   Faith:     It allows you to gain divine favour quickly.
   Dex-4:     It affects your dexterity (-4).
   rN+:       It protects you from negative energy.
   Rampage:   It bestows one free step when moving towards enemies.
 B - a ring of willpower
 E - an amulet of magic regeneration (around neck)
Wands
 r - a wand of digging (9)
Scrolls
 f - a scroll of enchant weapon
 n - a scroll of revelation
 p - a scroll of amnesia
 u - a scroll of enchant armour {unknown}
 v - a scroll of poison {unknown}
 x - a scroll of immolation {unknown}
Potions
 c - a potion of invisibility
 d - a potion of attraction {unknown}
 g - 2 potions of curing
 h - a potion of berserk rage
 l - 2 potions of brilliance
 q - a potion of might
 t - a potion of lignification {unknown}
 z - a potion of mutation
 C - 2 potions of resistance {unknown}


   Skills:
 + Level 3.9 Short Blades
 + Level 4.0 Dodging
 + Level 6.8 Stealth
 - Level 3.0 Spellcasting
 + Level 5.3 Hexes
 - Level 3.0 Ice Magic
 + Level 3.0 Evocations


You had 2 spell levels left.
You knew the following spells:

 Your Spells              Type           Power      Damage    Failure   Level
a - Ensorcelled Hibernat  Hex/Ice        28%        N/A       5%          2
b - Confusing Touch       Hex            18%        N/A       7%          3
c - Tukima's Dance        Hex            18%        N/A       7%          3
d - Dazzling Flash        Conj/Hex       20%        N/A       21%         3

Your spell library contained the following spells:

 Spells                   Type           Power      Damage    Failure   Level
 Ignite Poison            Fire/Alch      3%         N/A       89%         4
 Sticky Flame             Fire/Alch      3%         2d4       89%         4
 Ignition                 Fire           1%         3d3       100%        8


Dungeon Overview and Level Annotations

Branches:
Dungeon (6/15)             Temple (1/1) D:5

Altars:
Ashenzari
Cheibriados
Dithmenos
Elyvilon
Fedhas
Gozag
Hepliaklqana
Kikubaaqudgha
Makhleb
Nemelex Xobeh
Okawaru
Qazlal
Ru
Sif Muna
Trog
Uskayaw
Vehumet
Wu Jian
Xom
Zin

Annotations:
D:5 3 runed translucent doors, ChongLi's ghost, weakling DgDe; anacleto's ghost, novice TrSh; petzl's ghost, amateur FoDe
D:6 1 runed translucent door, Crazy Yiuf; Maggie


Innate Abilities, Weirdness & Mutations

You have razor-sharp teeth.
Your natural rate of healing is unusually fast.
When hurt, damage is shared between your health and your magic reserves.
Your bite disrupts and absorbs the magic of your enemies.
Potions cannot restore your health.


Message History

You hit Maggie but do no damage.
Maggie is almost dead.
The adder closely misses you. x2
You hit Maggie. You punch Maggie, but do no damage. Your bite misses Maggie.
Maggie is almost dead.
Maggie says, "How do the people who live here stand the isolation?"
Maggie closely misses you. The adder misses you.
You hit Maggie. Your bite misses Maggie.
Maggie is almost dead.
Maggie hits you with a +0 halberd of venom!
The adder bites you.
You hit Maggie. You bite Maggie.
Maggie's magic leaks into the air.
You drain her magic.
You feel invigorated.
Maggie is almost dead.
Maggie hits you with a +0 halberd of venom!
You are lethally poisoned!
The adder bites you.
You are more poisoned.
The adder poisons you!
You closely miss Maggie.
Maggie is almost dead.
* * * LOW HITPOINT WARNING * * *
You feel extremely sick.
Maggie hits you with a +0 halberd of venom!
* * * LOW HITPOINT WARNING * * *
You are more poisoned.
The adder barely misses you.
Your system rejects the healing.
You feel better. The adder barely misses you. Maggie barely misses you.
Unknown command.
You hit Maggie but do no damage.
Maggie is almost dead.
The adder bites you but does no damage.
Unknown command.
Unknown command.
You barely miss Maggie. You bite Maggie, but do no damage.
Maggie is almost dead.
Maggie hits you with a +0 halberd of venom!
You die...
Your body crumbles into a pile of gold.

.#...........#.#.##... #
....)........#.#....##..
##)#)###.###......##....
...#..##.# ###.###......
####...#.#####.#........
#....####..............
##..## #........#.#...
#.P..# #.....S@##.....
#.PP## #.>...@........
##.## ####...##......
#.## #...# ...... ##.#
#...# .#### #.## #...#
## ##.# #...# #+# #####
... #...#


You could see Maggie (mesmerising, magic disrupted) and an adder.

Vanquished Creatures
  A steam dragon (D:6)
  3 water moccasins
  A centaur (D:6)
  3 phantoms
  A scorpion (D:4)
  A bullfrog (D:6)
  3 orc priests
  A jelly (D:6)
  2 sleepcaps (D:5)
  A hound (D:5)
  2 iguanas
  4 orc wizards
  A gnoll (D:1)
  5 adders
  A white imp (D:5)
  A dart slug (D:2)
  2 ribbon worms (D:2)
  25 orcs
  11 endoplasms
  3 giant cockroaches (D:1)
  6 goblins
  5 hobgoblins
  3 jackals (D:3)
  7 kobolds
  5 quokkas
  7 ball pythons
  5 bats (D:1)
  A frilled lizard (D:1)
  5 rats
116 creatures vanquished.

Vanquished Creatures (others)
  A dancing weapon (D:6)
  2 orcs (D:6)
3 creatures vanquished.

Grand Total: 119 creatures vanquished

Notes
Turn   | Place    | Note
-------+----------+-------------------------------------------
     0 | D:1      | zenocrate the Vine Stalker Enchanter began the quest for
                  | the Orb.
     0 | D:1      | Reached XP level 1. HP: 9/9 MP: 4/4
    58 | D:1      | Reached skill level 1 in Short Blades
   165 | D:1      | Reached XP level 2. HP: 13/13 MP: 4/6
   168 | D:1      | Learned a level 2 spell: Ensorcelled Hibernation
   298 | D:1      | Reached skill level 4 in Stealth
   298 | D:1      | Reached XP level 3. HP: 16/16 MP: 7/7
   309 | D:1      | Learned a level 3 spell: Confusing Touch
  1130 | D:2      | Reached XP level 4. HP: 21/21 MP: 5/8
  1453 | D:2      | Reached skill level 1 in Ice Magic
  1640 | D:2      | Learned a level 3 spell: Tukima's Dance
  1808 | D:3      | Reached XP level 5. HP: 23/24 MP: 5/10
  1937 | D:3      | You fall into a shaft and drop 2 floors!
  1937 | D:5      | Entered Level 5 of the Dungeon
  1971 | D:5      | Noticed a phantom
  1996 | D:5      | Killed a phantom
  2052 | D:3      | Found a white marble altar of Elyvilon.
  2703 | D:3      | Reached XP level 6. HP: 28/28 MP: 5/11
  3021 | D:4      | Reached skill level 5 in Stealth
  3691 | D:4      | Learned a level 3 spell: Dazzling Flash
  3812 | D:4      | Reached skill level 1 in Evocations
  4129 | D:4      | Reached XP level 7. HP: 26/32 MP: 4/12
  4310 | D:5      | Identified the amulet of Eweocicw {Faith Rampage rN+ Dex-4}
  4361 | D:5      | Found a runed translucent gate.
  4362 | D:5      | Found a runed translucent gate.
  4364 | D:5      | Found a runed translucent gate.
  4736 | D:5      | Noticed anacleto's ghost (novice TrSh)
  4736 | D:5      | Noticed ChongLi's ghost (weakling DgDe)
  4736 | D:5      | Noticed petzl's ghost (amateur FoDe)
  4917 | D:5      | Found a bloodstained altar of Trog.
  5108 | D:5      | Found a staircase to the Ecumenical Temple.
  5117 | Temple   | Entered the Ecumenical Temple
  5128 | Temple   | Became a worshipper of Gozag Ym Sagoz the Greedy
  5320 | D:6      | Reached skill level 6 in Stealth
  5320 | D:6      | Gained mutation: You have razor-sharp teeth. [Vine Stalker
                  | growth]
  5320 | D:6      | Reached XP level 8. HP: 36/36 MP: 13/13
  5434 | D:6      | Found a runed translucent door.
  5454 | D:6      | Noticed Crazy Yiuf
  5470 | D:6      | Reached skill level 5 in Hexes
  5678 | D:6      | Noticed Maggie
  5720 | D:6      | HP: 1/36 [Maggie/+0 halberd of venom (5)]
  5723 | D:6      | Slain by Maggie

Illustrated notes

Levels and vault maps discovered:
D:1:      dpeg_arrival_rhombus, layout_basic, minmay_octomino_c4
D:2:      layout_basic, st_stairs_2
D:3:      layout_loops_ring, nicolae_elyvilon_peaceful_grove
D:4:      layout_rooms
D:5:      layout_basic, mainiacjoe_overflow_tiny_flanked,
          minmay_temple_entry_poolview, gammafunk_ghost_cemetery,
          hellmonk_no_cap
D:6:      layout_basic, hex_large, hangedman_decor_peaks_small,
          minmay_manual_moon, uniq_maggie, uniq_crazy_yiuf_cottage
Temple:   mainiacjoe_temple_bowtie_tessellation

Skill      XL: |  1  2  3  4  5  6  7  8 |
---------------+-------------------------+-----
Short Blades   | 1 2 3 |  3.9
Dodging        | 2 3 4 |  4.0
Stealth        | 4 5 6 |  6.8
Ice Magic      | 1 2 3 |  3.0
Spellcasting   | 3 |  3.0
Hexes          | 4 5 |  5.3
Evocations     | 1 2 3 |  3.0

Action                     |  1- 3 |  4- 6 |  7- 9 || total
---------------------------+-------+-------+-------++-------
  Melee: Dagger            |    78 |   134 |    91 ||   303
         Bite              |    11 |    32 |    29 ||    72
         Punch             |       |     4 |     2 ||     6
  Throw: Dart              |       |     2 |       ||     2
   Cast: Ensorcelled Hiber |    15 |    72 |    23 ||   110
         Confusing Touch   |       |       |     4 ||     4
         Tukima's Dance    |       |       |     1 ||     1
    Use: Scroll            |       |     6 |     5 ||    11
         Potion            |       |     1 |     2 ||     3
   Stab: Sleeping          |    18 |    36 |    17 ||    71
         Confused          |       |       |     3 ||     3
         Invisible         |       |       |     1 ||     1
 Armour: Robe              |    34 |    72 |    60 ||   166
  Dodge: Dodged            |    58 |   109 |    58 ||   225

Table legend: (Time is in decaauts)
 A = Elapsed time spent in this place.
 B = Non-inter-level travel time spent in this place.
 C = Inter-level travel time spent in this place.
 D = Time resting spent in this place.
 E = Time spent auto-exploring this place.
 F = Levels seen in this place.
 G = Mean time per level.
                   A        B        C        D        E       F      G
               +--------+--------+--------+--------+--------+-----+--------+
         Total |   5693 |   5516 |    177 |     48 |   4414 |   7 |  813.3 |
       Dungeon |   5672 |   5513 |    159 |     48 |   4414 |   6 |  945.3 |
        Temple |     20 |      2 |     18 |      0 |      0 |   1 |   20.0 |
               +--------+--------+--------+--------+--------+-----+--------+

Top non-repeatable levels by time:
     D:4: 1236 daAuts
     D:3: 1154 daAuts
     D:5: 1094 daAuts
     D:1: 959 daAuts
     D:2: 719 daAuts
     D:6: 507 daAuts
  Temple: 20 daAuts
